 Dungeon Crawl Stone Soup version 0.19.3-1-g3169bf9 (webtiles) character file.

52 TryAgain the Magician (level 3, 0/24 HPs)
             Began as a Demonspawn Wizard on Jan 26, 2017.
             Slain by an adder (2 damage)
             ... on level 2 of the Dungeon.
             The game lasted 00:07:14 (1965 turns).

TryAgain the Magician (Demonspawn Wizard)           Turns: 1965, Time: 00:07:17

Health: 0/24       AC:  5    Str:  7    XL:     3   Next: 60%
Magic:  0/8        EV: 12    Int: 20    God:
Gold:   137        SH:  0    Dex: 11    Spells: 2 memorised, 6 levels left

rFire  . . .     SeeInvis .     f - +0 short sword
rCold  . . .     Gourm    .     e - +0 leather armour
rNeg   . . .     Faith    .     (no shield)
rPois  .         Spirit   .     b - +0 hat
rElec  .         Reflect  .     (no cloak)
rCorr  .         Harm     .     (no gloves)
MR     .....                    (no boots)
Stlth  +.........               (no amulet)
                                (no ring)
                                (no ring)

@: lethally poisoned (0 -> -7), very slightly contaminated
A: molten scales 1
a: no special abilities


You were on level 2 of the Dungeon.
You were not hungry.

You visited 1 branch of the dungeon, and saw 2 of its levels.

You collected 137 gold pieces.

Inventory:

Hand Weapons
 f - a +0 short sword (weapon)
Armour
 b - a +0 hat (worn)
 e - a +0 leather armour (worn)
Scrolls
 g - a scroll of random uselessness {unknown}
 m - a scroll of amnesia
Potions
 h - a potion of magic
Books
 c - a book of Minor Magic

   Spells                             Type                      Level
   a - Magic Dart                     Conjuration                  1
   b - Blink                          Translocation                2
   c - Call Imp                       Summoning                    2
   d - Repel Missiles                 Charms/Air                   2
   e - Slow                           Hexes                        2
   f - Conjure Flame                  Conjuration/Fire             3
   g - Mephitic Cloud                 Conjuration/Poison/Air       3
Comestibles
 d - 2 bread rations
 k - a meat ration


   Skills:
 + Level 2.5 Dodging
 - Level 1.7 Stealth
 + Level 3.5 Spellcasting
 + Level 2.1 Conjurations
 - Level 1.0 Summonings
   Level 0.8 Translocations


You had 6 spell levels left.
You knew the following spells:

 Your Spells              Type           Power        Failure   Level  Hunger
a - Magic Dart            Conj           ##..         10%         1    None
b - Call Imp              Summ           #.......     24%         2    ##.....


Dungeon Overview and Level Annotations

Branches:
Dungeon (2/15)

Altars:
Ru
Trog


Innate Abilities, Weirdness & Mutations

You are partially covered in molten scales. (AC +2)


Message History

Confirm with . or Enter, or press ? or * to list all spells.
Aiming: Magic Dart
Press: ? - help, Shift-Dir - straight line, f/p - giant cockroach
Aim: a giant cockroach (severely wounded, clinging)
The magic dart hits the giant cockroach.
The giant cockroach is severely wounded.
The giant cockroach bites you but does no damage.
The adder completely misses you.
Casting: Magic Dart
Confirm with . or Enter, or press ? or * to list all spells.
Aiming: Magic Dart
Press: ? - help, Shift-Dir - straight line, f/p - giant cockroach
Aim: a giant cockroach (severely wounded, clinging)
The magic dart hits the giant cockroach.
The giant cockroach is severely wounded.
* * * LOW HITPOINT WARNING * * *
You feel sick. The giant cockroach barely misses you.
The adder bites you but does no damage. The giant cockroach misses you.
The adder bites you.
You die...

#.. #.# #. ..# #.# #.###
#.# #... #.# #.. #.# #S#
#.# #@# #.####s# #.....K#
#.###..# #.# #..#
##########.###..# .
#............#.<#####....
#.#.#####.)..#.........$.
##.#.# #....#.#.#.##....


You could see an adder, a giant cockroach and a kobold.

Vanquished Creatures
  3 adders (D:2)
  A dart slug (D:1)
  A ball python (D:1)
  4 bats
  A giant cockroach (D:1)
  A hobgoblin (D:2)
  4 kobolds
  A quokka (D:2)
  3 frilled lizards
  6 rats
25 creatures vanquished.

Notes
Turn   | Place    | Note
-------+----------+-------------------------------------------
     0 | D:1      | TryAgain the Demonspawn Wizard began the quest for the Orb.
     0 | D:1      | Reached XP level 1. HP: 13/13 MP: 4/4
   827 | D:1      | Gained mutation: You are partially covered in molten scales. (AC +2) [demonic ancestry]
   827 | D:1      | Reached XP level 2. HP: 19/19 MP: 1/6
   831 | D:1      | Learned a level 2 spell: Call Imp
  1273 | D:1      | You fall through a shaft!
  1630 | D:2      | Found a sacrificial altar of Ru.
  1711 | D:2      | Reached XP level 3. HP: 24/24 MP: 2/7
  1741 | D:2      | Found a bloodstained altar of Trog.
  1965 | D:2      | Slain by an adder

Skill      XL: |  1  2  3 |
---------------+----------+-----
Dodging        | 2 |  2.5
Conjurations   | 2 |  2.1
Stealth        | |  1.7
Spellcasting   | |  3.5
Summonings     | |  1.0
Translocations | |  0.8

Action                   || total
-------------------------++-------
Melee: Unarmed           ||    17
       Short sword       ||    25
 Cast: Magic Dart        ||    68
  Use: Scroll            ||     3
       Potion            ||     3
 Stab: Sleeping          ||     1
  Eat: Bread ration      ||     1
Armor: Leather armour    ||    34
       Robe              ||     3
Dodge: Dodged            ||    86
